 Dungeon Crawl Stone Soup version 0.32-a0-859-gb0a091d592 (webtiles) character file.

Game seed: 2004920936284723384

3966 Griffin23 the Carver (level 10, -23/90 HPs)
             Began as a Minotaur Fighter on Mar 27, 2024.
             Was a Priest of Trog.
             Succumbed to Amaemon's poison
             ... on level 10 of the Dungeon.
             The game lasted 00:11:27 (5446 turns).

Griffin23 the Carver (Minotaur Fighter)             Turns: 5446, Time: 00:11:27

Health: -23/90     AC: 15    Str: 25    XL:     10   Next: 2%
Magic:  9/9        EV:  7    Int:  5    God:    Trog [***...]
Gold:   269        SH:  6    Dex: 16    Spells: 9/9 levels left

rFire   . . .        x - +0 long sword (flame)
rCold   . . .        c - +0 buckler
rNeg    . . .        u - +0 chain mail
rPois   .            (helmet restricted)
rElec   .            (no cloak)
rCorr   .            (no gloves)
SInv    .            (no boots)
Will    .....        (no amulet) Stlth
                     d - +6 ring of dexterity
HPRegen 0.35/turn    s - +4 ring of protection
MPRegen 0.11/turn

%: no passive effects
@: lethally poisoned (-23 -> -110), on berserk cooldown, slowed, very slow
A: horns 2, retaliatory headbutt
a: Renounce Religion, Berserk, Trog's Hand


You were on level 10 of the Dungeon.
You worshipped Trog.
Trog was most pleased with you.
You visited 1 branch of the dungeon, and saw 9 of its levels.

You collected 269 gold pieces.

Inventory:

Hand Weapons
 a - a +0 long sword
 x - a +0 long sword of flaming (weapon)
Missiles
 y - 3 boomerangs (quivered)
Armour
 b - a +0 scale mail
 c - a +0 buckler (worn)
 u - a +0 chain mail (worn)
Jewellery
 d - a +6 ring of dexterity (left hand)
 s - a +4 ring of protection (right hand)
Wands
 A - a wand of mindburst (15)
Scrolls
 e - a scroll of vulnerability {unknown}
 i - 4 scrolls of teleportation
 o - 3 scrolls of blinking
 p - a scroll of fog {unknown}
 r - 3 scrolls of amnesia
 v - a scroll of fear {unknown}
 B - a scroll of identify
Potions
 g - 4 potions of enlightenment
 h - a potion of brilliance
 l - a potion of degeneration {unknown}
 m - a potion of ambrosia {unknown}
 q - a potion of attraction {unknown}
 t - a potion of magic {unknown}
 w - a potion of heal wounds {unknown}
 z - a potion of curing {unknown}


   Skills:
 + Level 8.9 Fighting
 * Level 10.5 Long Blades
 + Level 8.9 Armour
 + Level 8.9 Shields


You had 9 spell levels left.
You didn't know any spells.
Your spell library was empty.

Dungeon Overview and Level Annotations

Branches:
Dungeon (10/15)            Temple (0/1) D:4            Lair (0/5) D:10
    Orc: D:9-12

Altars:
Fedhas
Gozag
Hepliaklqana
Ru
Sif Muna
Trog
Xom
Zin
The Shining One

Shops:
D:3 (

Annotations:
D:4 2 transporters, sychorax's ghost, novice OpEE
D:10 Amaemon


Innate Abilities, Weirdness & Mutations

You have a pair of horns on your head.
You reflexively headbutt those who attack you in melee.


Message History

You hear the roar of battle.
There is an entrance to a bailey on this level.
Hurry and find it before the portal closes forever!
Level annotation: Amaemon You hear the loud creaking of a very distant portcullis.
The orange demon closely misses you.
There is a stone staircase leading down here.
A red film seems to cover your vision as you go berserk!
You feel yourself moving faster!
You feel mighty!
The orange demon stings you but does no damage.
You feel a strong urge to attack something.
Amaemon says, "Afraid of a little sting?"
The orange demon stings you from afar!
You are poisoned.
You have difficulty breathing.
You feel yourself slow down.
You feel extremely sick. The orange demon stings you.
You are more poisoned.
You have difficulty breathing.
You feel as though you will be slow longer.
The orange demon hits you but does no damage.
There is a stone staircase leading down here.
You feel your anger nearly subside.
You are no longer berserk.
You are exhausted.
You feel as though you will be slow longer.
You feel extremely sick. You block Amaemon's attack. Amaemon barely misses you.
You block Amaemon's attack. The orange demon stings you from afar.
You are lethally poisoned!
You have difficulty breathing.
You feel as though you will be slow longer.
There is a stone staircase leading down here.
* * * LOW HITPOINT WARNING * * *
You feel extremely sick.
The orange demon no longer looks unusually toxic.
Amaemon hits you with a +1 demon whip of venom!
* * * LOW HITPOINT WARNING * * *
You are more poisoned.
Amaemon completely misses you. x2; The orange demon barely misses you.
You climb downwards.
You die...

*,* *** ***** **,***,** #####**
**,,,, ,,,,,,,,*
##.#.,,*******,,,,, **,***,**
*#....*,,,,,,,,,,,,, ,,,* *,*
*,...,,,*******,,,*, **** *,*
**...**** *,,,,,, *,* *#.#*
**,,,,, ***,* #.# **,,,, **,,,***
#@# *,*** *,,*,,,** #6# *,*
***,****,,* #.# ##+## ,,,,*,,,,,*
#.# ##...## ,*,,*,,*,,* #.####
##.....# ,,,,*,,,,****###.##.##
##.......
...,,,,,,,..##.......####........
###,*,***#..............'..>.....
.,,,,,,,,##.##.###...####........


You could see Amaemon.

Vanquished Creatures
  A two-headed ogre (D:7)
  Pikel (D:5)
  Maggie (D:6)
  A kobold demonologist (D:10)
  A komodo dragon (D:10)
  Prince Ribbit (D:6)
  A wraith (D:10)
  2 sky beasts (D:6)
  A black bear (D:6)
  An ice beast (D:6)
  An ogre (D:5)
  2 lemures (D:5)
  2 phantoms (D:5)
  4 scorpions
  The ghost of Squishy the Conjurer, a weakling DrCj of Qazlal (D:3)
  4 crimson imps (D:5)
  3 quasits (D:3)
  5 bombardier beetles
  A hound (D:5)
  A gnoll bouda (D:7)
  2 orc priests
  A sleepcap (D:5)
  2 iguanas (D:5)
  3 orc wizards
  5 adders
  10 gnolls
  3 shadow imps
  3 white imps
  An ufetubus (D:6)
  3 dart slugs
  A ribbon worm (D:4)
  7 orcs
  5 endoplasms
  4 giant cockroaches
  12 goblins
  6 hobgoblins
  5 jackals
  4 kobolds
  A quokka (D:4)
  8 ball pythons
  6 bats
  3 frilled lizards (D:3)
  4 rats
134 creatures vanquished.

Notes
Turn   | Place    | Note
-------+----------+-------------------------------------------
     0 | D:1      | Griffin23 the Minotaur Fighter began the quest for the Orb.
     0 | D:1      | Reached XP level 1. HP: 19/19 MP: 0/0
   144 | D:1      | Found a faded altar of an unknown god.
   197 | D:1      | Reached XP level 2. HP: 27/27 MP: 1/1
   224 | D:1      | Prayed at the altar of an unknown god.
   224 | D:1      | Became a worshipper of Trog the Wrathful
   224 | D:1      | Reached * piety under Trog
   354 | D:1      | Reached XP level 3. HP: 33/33 MP: 2/2
   573 | D:2      | Reached skill level 3 in Long Blades
   574 | D:2      | Reached ** piety under Trog
  1011 | D:3      | Found Celidwui's Weapon Shop.
  1014 | D:3      | Reached XP level 4. HP: 40/40 MP: 3/3
  1072 | D:3      | Found a transporter.
  1085 | D:3      | Found a transporter.
  1089 | D:3      | Noticed Squishy's ghost (weakling DrCj)
  1110 | D:3      | Found a sacrificial altar of Ru.
  1426 | D:3      | Reached XP level 5. HP: 23/47 MP: 4/4
  1856 | D:3      | Reached skill level 4 in Long Blades
  1856 | D:3      | Reached skill level 5 in Armour
  1856 | D:3      | Killed Squishy's ghost
  1857 | D:3      | Reached skill level 5 in Fighting
  1857 | D:3      | Reached skill level 5 in Shields
  1863 | D:3      | Reached XP level 6. HP: 38/56 MP: 5/5
  2148 | D:4      | Found an opulent altar of Gozag.
  2149 | D:4      | Found a glowing silver altar of Zin.
  2189 | D:4      | Found a staircase to the Ecumenical Temple.
  2220 | D:4      | Found a blossoming altar of Fedhas.
  2258 | D:4      | Found a transporter.
  2258 | D:4      | Noticed sychorax's ghost (novice OpEE)
  2262 | D:4      | Found a transporter.
  2456 | D:4      | Found a faded altar of an unknown god.
  2457 | D:4      | Found a faded altar of an unknown god.
  2462 | D:4      | Found a hazy altar of Hepliaklqana.
  2566 | D:5      | Entered Level 5 of the Dungeon
  2764 | D:5      | Found a shimmering altar of Xom.
  2772 | D:5      | Reached skill level 5 in Long Blades
  2772 | D:5      | Reached XP level 7. HP: 62/62 MP: 6/6
  2782 | D:5      | Reached *** piety under Trog
  3132 | D:5      | Reached skill level 6 in Long Blades
  3343 | D:6      | Noticed Maggie
  3362 | D:6      | Killed Maggie
  3363 | D:6      | Reached XP level 8. HP: 42/71 MP: 7/7
  3498 | D:6      | Reached skill level 7 in Long Blades
  3639 | D:6      | Noticed Pikel
  3684 | D:5      | Killed Pikel
  3685 | D:5      | Reached skill level 8 in Long Blades
  4183 | D:6      | Found a shimmering blue altar of Sif Muna.
  4235 | D:6      | Found a glowing golden altar of the Shining One.
  4319 | D:6      | Reached XP level 9. HP: 80/80 MP: 8/8
  4339 | D:6      | Noticed Prince Ribbit
  4349 | D:6      | Killed Prince Ribbit
  4539 | D:6      | Reached skill level 9 in Long Blades
  4731 | D:7      | Noticed a two-headed ogre
  4742 | D:7      | Killed a two-headed ogre
  4923 | D:7      | You fall into a shaft and drop 2 floors!
  4961 | D:9      | Noticed an orange demon
  4961 | D:9      | Noticed Amaemon
  4982 | D:10     | Entered Level 10 of the Dungeon
  4982 | D:10     | Noticed a troll
  5173 | D:10     | Noticed a kobold demonologist
  5186 | D:10     | Killed a kobold demonologist
  5187 | D:10     | Reached skill level 10 in Long Blades
  5346 | D:10     | Noticed a komodo dragon
  5351 | D:10     | Killed a komodo dragon
  5352 | D:10     | Reached XP level 10. HP: 90/90 MP: 9/9
  5446 | D:10     | Succumbed to Amaemon's poison

Illustrated notes

Levels and vault maps discovered:
D:1:      minmay_arrival_semitransparent, layout_basic,
          hellmonk_ecumenical_altar_pennies_from_heaven, minmay_tetromino_i4
D:2:      layout_rooms, minivault_19
D:3:      layout_loops_ring, nicolae_ru_great_annihilating_truth, serial_shops,
          shop, gammafunk_ghost_stat_death, corexii_leaking_fountain
D:4:      layout_rooms, grunt_temple_overflow_gold_and_silver,
          nicolae_hepliaklqana_ecumenical_no_more, fedhas_altar_fruit_tree,
          minmay_temple_entry_wispy, gammafunk_ghost_mausoleum,
          grunt_ministairs_3
D:5:      layout_layer_cave, led_xom_imps
D:6:      layout_basic, lemuel_tele_altar, mainiacjoe_overflow_small_starburst,
          minmay_bent, uniq_prince_ribbit1, uniq_maggie, uniq_pikel
D:7:      layout_loops_cross
D:9:      layout_irregular_city, nicolae_qazlal_eye_of_the_storm,
          enter_bailey_3, serial_shops, nicolae_shop_rolling_square,
          kennysheep_donut, nicolae_diode_intersection, uniq_joseph,
          uniq_amaemon, uniq_gastronok
D:10:     layout_loops_corners, due_lair_maze_entry_diamond,
          chequers_serial_rivers_marsh, hangedman_abyss_or_decor_passed

Skill      XL: |  1  2  3  4  5  6  7  8  9 |
---------------+----------------------------+-----
Armour         | 4 5 6 7 8 |  8.9
Fighting       | 4 5 6 7 8 |  8.9
Shields        | 4 5 6 7 8 |  8.9
Long Blades    | 3 4 5 6 8 10 | 10.5

Action                     |  1- 3 |  4- 6 |  7- 9 | 10-12 || total
---------------------------+-------+-------+-------+-------++-------
  Melee: Long sword        |    93 |   130 |   216 |       ||   439
         Headbutt          |    12 |    14 |    49 |       ||    75
 Invoke: Berserk           |       |     2 |     4 |     1 ||     7
    Use: Potion            |       |     1 |       |       ||     1
         Scroll            |       |       |    10 |       ||    10
 Armour: Scale mail        |    79 |   112 |    15 |       ||   206
         Chain mail        |       |       |   162 |     6 ||   168
  Dodge: Dodged            |    34 |    76 |    76 |     5 ||   191
  Block: Buckler           |    21 |    32 |    65 |     2 ||   120

Table legend: (Time is in decaauts)
 A = Elapsed time spent in this place.
 B = Non-inter-level travel time spent in this place.
 C = Inter-level travel time spent in this place.
 D = Time resting spent in this place.
 E = Time spent auto-exploring this place.
 F = Levels seen in this place.
 G = Mean time per level.
                   A        B        C        D        E       F      G
               +--------+--------+--------+--------+--------+-----+--------+
         Total |   5569 |   5096 |    473 |    774 |   3046 |   9 |  618.8 |
       Dungeon |   5569 |   5096 |    473 |    774 |   3046 |   9 |  618.8 |
               +--------+--------+--------+--------+--------+-----+--------+

Top non-repeatable levels by time:
     D:5: 1200 daAuts
     D:3: 1159 daAuts
     D:6: 991 daAuts
     D:1: 582 daAuts
     D:4: 543 daAuts
    D:10: 465 daAuts
     D:2: 340 daAuts
     D:7: 207 daAuts
     D:9: 79 daAuts
